 Dungeon Crawl Stone Soup version 0.26-a0-737-g4e9f4955e2 (webtiles) character file.

Game seed: 17945942413825880989

11650 Atelerd the Thaumaturge (level 11, -4/66 (67) HPs)
             Began as an Octopode Venom Mage on Nov 4, 2020.
             Engulfed by an orc wizard's steam (14 damage)
             ... on level 1 of the Orcish Mines.
             The game lasted 01:00:44 (17584 turns).

Atelerd the Thaumaturge (Octopode Venom Mage)      Turns: 17584, Time: 01:00:45

HP:   -4/66 (67)    AC:  1    Str:  6 (7)  XL:     11   Next: 81%
MP:   11/25         EV: 13    Int: 27      God:
Gold: 774           SH:  5    Dex: 13      Spells: 10/31 levels left

rFire    . . .     SeeInvis .   x - +3 falchion (vorpal)
rCold    . . .     Faith    .   A - +0 buckler
rNeg     . . .     Spirit   .   (helmet restricted)
rPois    .         Reflect  .   n - amulet of magic regeneration
rElec    .         Harm     .   j - +6 ring of intelligence
rCorr    .         Rampage  .   O - ring of stealth
MR       .....                  (no ring)
Stlth    ++++++....             (no ring)
HPRegen  0.21/turn              (no ring)
MPRegen  0.44/turn              (no ring)
                                (no ring)
                                (no ring)

@: radiating poison, stab, studying Ice Magic
A: almost no armour, stealthy swim, amphibious, 8 rings, constrict 8, camouflage
1, gelatinous body 1
a: no special abilities


You were on level 1 of the Orcish Mines.
You visited 3 branches of the dungeon, and saw 14 of its levels.
You also visited: Ossuary and Ice Cave.

You collected 774 gold pieces.

Inventory:

Hand Weapons
 q - a +2 spear of venom
 x - a +3 vorpal falchion (weapon)
 H - a +4 long sword
 J - a +2 long sword of flaming
 M - the +9 quarterstaff "Ecsuk" {vorpal, +Rage rF+ rN++ Str-4}
   (You took it off a gnoll on level 9 of the Dungeon)

   It inflicts extra damage upon your enemies.
   It affects your strength (-4).
   It protects you from fire.
   It greatly protects you from negative energy.
   It lets you go berserk.
Armour
 A - a +0 buckler (worn)
Magical Staves
 m - an uncursed staff of fire
 R - an uncursed staff of cold
Jewellery
 g - an uncursed amulet of faith
 j - a +6 ring of intelligence (left tentacle)
 n - an amulet of magic regeneration (around mantle)
 O - a ring of stealth (right tentacle)
 P - an uncursed amulet of regeneration
Wands
 c - a wand of flame (18)
 k - a wand of iceblast (8)
 v - a wand of digging (2)
 z - a wand of polymorph (10)
Scrolls
 a - 3 scrolls of teleportation
 d - 5 scrolls of remove curse
 e - 2 scrolls of fear
 s - a scroll of blinking
 y - 4 scrolls of random uselessness
 C - 6 scrolls of immolation
 E - 2 scrolls of vulnerability
 I - 2 scrolls of amnesia {unknown}
 K - a scroll of holy word {unknown}
 N - a scroll of magic mapping
 Q - 2 scrolls of fog
 S - a scroll of identify
 T - a scroll of torment {unknown}
Potions
 f - 3 potions of mutation {unknown}
 h - 2 potions of lignification
 i - 4 potions of curing
 l - 7 potions of might
 o - 11 potions of degeneration
 p - a potion of cancellation {unknown}
 r - 5 potions of flight {unknown}
 t - 4 potions of stabbing
 u - 4 potions of resistance {unknown}
 w - 2 potions of berserk rage {unknown}
 B - 3 potions of haste {unknown}
 D - a potion of ambrosia {unknown}
 F - 3 potions of invisibility
 G - a potion of heal wounds {unknown}
 L - a potion of brilliance {unknown}
Books
 b - a manual of Ice Magic


   Skills:
 - Level 3.0 Fighting
 - Level 2.0 Dodging
 - Level 6.0 Stealth
 - Level 5.0 Shields
 + Level 10.7 Spellcasting
 + Level 8.5 Conjurations
 - Level 3.0 Transmutations
 - Level 3.0 Fire Magic
 * Level 9.3 Ice Magic
 - Level 5.0 Poison Magic


You had 10 spell levels left.
You knew the following spells:

 Your Spells              Type           Power        Failure   Level
a - Sting                 Tmut/Pois      ####         1%          1
b - Mephitic Cloud        Conj/Pois/Air  #####...     1%          3
c - Freezing Cloud        Conj/Ice/Air   #####.....   47%         6
d - Ignite Poison         Fire/Tmut/Pois ####....     2%          3
e - Olgreb's Toxic Radia  Pois           #####...     4%          4
f - Ice Form              Ice/Tmut       #####...     3%          4

Your spell library contained the following spells:

 Spells                   Type           Power        Failure   Level
 Shock                    Conj/Air       ####         1%          1
 Conjure Flame            Conj/Fire      #####...     1%          3
 Static Discharge         Conj/Air       #####...     1%          3
 Poisonous Vapours        Pois/Air       ####..       2%          2
 Swiftness                Air            ##......     6%          2
 Confusing Touch          Hex            ##......     12%         3
 Gell's Gravitas          Tloc           ##........   12%         3
 Ozocubu's Refrigeration  Ice            ######....   14%         6
 Metabolic Englaciation   Hex/Ice        #####.....   16%         5
 Lightning Bolt           Conj/Air       #####.....   19%         5
 Petrify                  Tmut/Erth      ###.....     22%         4
 Airstrike                Air            ##........   36%         4
 Yara's Violent Unravell  Hex/Tmut       ###.......   52%         5
 Simulacrum               Ice/Necr       #####.....   65%         6


Dungeon Overview and Level Annotations

Branches:
Dungeon (12/15)            Temple (1/1) D:5            Lair (0/6) D:11
    Orc (1/2) D:11        Ossuary (visited)           IceCv (visited)

Altars:
Ashenzari
Cheibriados
Elyvilon
Fedhas
Gozag
Hepliaklqana
Kikubaaqudgha
Makhleb
Nemelex Xobeh
Okawaru
Qazlal
Ru
Trog
Uskayaw
Vehumet
Wu Jian
Xom
Yredelemnul
Zin

Shops:
D:8 (

Annotations:
D:1 exclusion: downstairs
D:2 1 runed translucent door, Crazy Yiuf
D:3 exclusion: 2 downstairs
D:5 exclusion: downstairs
D:7 exclusion: downstairs
D:8 2 transporters, PejaSLU's ghost, novice MiBe


Innate Abilities, Weirdness & Mutations

You cannot wear most types of armour.
You are very stealthy in the water. (Stealth+)
You are amphibious.
You can wear up to eight rings at the same time.
You can use your tentacles to constrict eight enemies at once.
Your skin changes colour to match your surroundings (Stealth+).
Your rubbery body absorbs attacks. (AC +1, EV +1)


Message History

A goblin comes into view. It is wielding a +0 hand axe.
Unknown command.
Unknown command.
Unknown command.
Unknown command.
It was a potion of stabbing.
You feel ready to backstab.
You constrict the goblin. The goblin hits you with a +0 hand axe.
* * * LOW HITPOINT WARNING * * *
The orc wizard gestures at you while chanting.
The puff of flame hits you.
* * * LOW HITPOINT WARNING * * *
The orc priest is engulfed in noxious fumes.
The orc priest appears confused.
Casting: Mephitic Cloud (safe; 1% risk of failure)
Confirm with . or Enter, or press ? or * to list all spells.
You begin to radiate toxic energy.
The goblin is poisoned. x2
The orc priest is poisoned.
The orc wizard is poisoned.
You are engulfed in a cloud of scalding steam.
You die...

* **,,,,,*,,,,,,*,***,,>**
*,,,^.....#,**,**,,,,,*
**,,,.....**.*,,,**,,,*
***,☼.○.##..,,,,,*,,,,
*##☼○.....,*,,,,**,,
#○o☼g..,,,,,,,,,*,,
#)o≈≈≈≈≈≈,,,*,,,***
#.§#*,**≈,,,,,,,***
#g@#,,,*≈,,,,,,,**,
#)≈#,∩,*≈,*,,,,,**,
###.≈#,,,*≈,*,,,,**,,
##.#.≈#####≈,,,,****,,
##....≈≈≈≈≈≈≈,,,**,,,,,
#............,*,**,,,,*
###########)..#........*,**,,,,,*
.......)...)).##......#,**,,,,***
##########..).........#*,*,,,,,,*


You could see an orc priest (confused, poisoned), an orc wizard (poisoned) and 2
goblins.

Vanquished Creatures
  Erolcha (Orc:1)
  3 death yaks (D:11)
  An unseen horror (D:11)
  2 ugly things (IceCv)
  A manticore (D:11)
  3 ice statues (IceCv)
  A gargoyle (D:9)
  A komodo dragon (D:11)
  A hornet (D:12)
  A wyvern (D:11)
  A wraith (D:12)
  Eustachio (D:5)
  4 orc warriors
  7 ice beasts
  A black bear (D:11)
  2 sky beasts
  3 necrophages
  An eye of draining (D:12)
  5 ogres
  2 centaurs (D:7)
  A big kobold (D:12)
  A gnoll sergeant (D:9)
  6 bullfrogs
  10 killer bees
  6 wights
  3 howler monkeys (D:7)
  4 bullfrog zombies
  4 orc priests
  4 hounds
  A jelly (D:8)
  2 centaur zombies
  2 human zombies (Ossuary)
  14 orc wizards
  A bullfrog skeleton (D:11)
  2 centaur skeletons
  Jessica (D:2)
  4 iguanas
  Terence (D:3)
  4 worker ants
  A hound skeleton (D:8)
  4 mummies (Ossuary)
  2 worker ant zombies (D:11)
  Robin (D:2)
  9 gnolls
  11 adders
  A river rat (D:11)
  A shadow imp (D:7)
  15 white imps
  4 ufetubi
  An ooze (D:3)
  2 adder skeletons
  2 worms
  6 leopard geckos
  28 orcs
  4 bats
  6 giant cockroaches
  A gnoll zombie (Ossuary)
  14 goblins
  4 hobgoblins
  12 jackals
  11 kobolds
  4 quokkas
  5 frilled lizards
  2 hobgoblin zombies (Ossuary)
  A jackal skeleton (D:9)
  A kobold zombie (Ossuary)
  A leopard gecko zombie (D:4)
  An orc zombie (Ossuary)
  A quokka skeleton (D:5)
  8 rats
277 creatures vanquished.

Notes
Turn   | Place    | Note
-------+----------+-------------------------------------------
     0 | D:1      | Atelerd the Octopode Venom Mage began the quest for the
                  | Orb.
     0 | D:1      | Reached XP level 1. HP: 11/11 MP: 3/3
   570 | D:1      | Reached XP level 2. HP: 17/17 MP: 5/5
   935 | D:2      | Found a bloodstained altar of Trog.
  1069 | D:2      | Noticed Robin
  1210 | D:2      | Reached XP level 3. HP: 21/21 MP: 4/7
  1352 | D:2      | Reached skill level 3 in Spellcasting
  1538 | D:1      | Learned a level 3 spell: Mephitic Cloud
  1542 | D:1      | Learned a level 3 spell: Ignite Poison
  1609 | D:2      | Reached XP level 4. HP: 17/27 MP: 0/8
  1667 | D:2      | Killed Robin
  2121 | D:2      | Reached skill level 1 in Fighting
  2198 | D:2      | Noticed Jessica
  2203 | D:2      | Killed Jessica
  2203 | D:2      | Reached skill level 1 in Conjurations
  2203 | D:2      | Reached skill level 1 in Fire Magic
  2203 | D:2      | Reached XP level 5. HP: 33/33 MP: 3/10
  2694 | D:2      | Found a runed translucent door.
  2695 | D:2      | Noticed Crazy Yiuf
  3388 | D:3      | Noticed Terence
  3422 | D:3      | Killed Terence
  4308 | D:4      | Reached skill level 4 in Spellcasting
  4308 | D:4      | Reached XP level 6. HP: 37/39 MP: 6/12
  4401 | D:4      | Learned a level 4 spell: Olgreb's Toxic Radiance
  6149 | D:5      | Entered Level 5 of the Dungeon
  6433 | D:5      | Noticed Eustachio
  6476 | D:5      | Killed Eustachio
  6476 | D:5      | Reached XP level 7. HP: 45/45 MP: 6/14
  6579 | D:5      | Found a staircase to the Ecumenical Temple.
  6754 | D:5      | Reached skill level 5 in Spellcasting
  7771 | D:6      | Reached skill level 1 in Shields
  7775 | D:6      | Found a sand-covered staircase.
  7784 | Ossuary  | Entered an ossuary
  8302 | Ossuary  | Reached XP level 8. HP: 50/50 MP: 14/16
  8881 | Temple   | Entered the Ecumenical Temple
  9231 | D:7      | Reached skill level 6 in Spellcasting
  9231 | D:7      | Reached skill level 5 in Poison Magic
  9570 | D:7      | Found a hide-covered altar of Uskayaw.
  9573 | D:7      | Reached skill level 7 in Spellcasting
  9614 | D:7      | Noticed a +0 hand axe
  9619 | D:7      | Noticed a +0 dagger
  9722 | D:7      | Reached XP level 9. HP: 36/53 MP: 7/20
 10044 | D:7      | Reached skill level 8 in Spellcasting
 10432 | D:8      | Found an iron altar of Okawaru.
 11107 | D:8      | Found a transporter.
 11107 | D:8      | Noticed PejaSLU's ghost (novice MiBe)
 11108 | D:8      | Found a transporter.
 11181 | D:8      | Found Razxoim's Weapon Emporium.
 11412 | D:8      | Reached skill level 5 in Shields
 11427 | D:8      | Learned a level 6 spell: Freezing Cloud
 11491 | D:8      | Found a sparkling altar of Nemelex Xobeh.
 11491 | D:8      | Found an opulent altar of Gozag.
 11783 | D:9      | Reached skill level 1 in Ice Magic
 12100 | D:9      | Identified the +9 quarterstaff "Ecsuk" {vorpal, +Rage rF+
                  | rN++ Str-4}
 12119 | D:9      | Reached skill level 5 in Stealth
 12418 | D:9      | Noticed a gargoyle
 12435 | D:9      | Killed a gargoyle
 12906 | D:9      | Reached XP level 10. HP: 62/62 MP: 11/22
 13204 | D:9      | Found a hazy altar of Hepliaklqana.
 13331 | D:10     | Entered Level 10 of the Dungeon
 14003 | D:11     | Found a basalt altar of Yredelemnul.
 14142 | D:11     | Found a staircase to the Orcish Mines.
 14171 | D:11     | Reached skill level 5 in Ice Magic
 14173 | D:11     | Noticed a death yak
 14217 | D:11     | Noticed a manticore
 14224 | D:11     | Reached skill level 5 in Conjurations
 14263 | D:10     | Learned a level 4 spell: Ice Form
 14316 | D:11     | Found a frozen archway.
 14330 | D:11     | Killed an unseen horror
 14330 | D:11     | Reached skill level 9 in Spellcasting
 14348 | IceCv    | Entered an ice cave
 14576 | IceCv    | Noticed a white ugly thing
 14597 | IceCv    | Killed a white ugly thing
 14631 | IceCv    | Noticed an ice statue
 14631 | IceCv    | Noticed an ice statue
 15117 | IceCv    | Noticed an ice statue
 15330 | IceCv    | Killed an ice statue
 15488 | IceCv    | Killed an ice statue
 15488 | IceCv    | Reached XP level 11. HP: 55/66 MP: 18/24
 15708 | IceCv    | Noticed a white ugly thing
 15712 | IceCv    | Reached skill level 10 in Spellcasting
 15715 | IceCv    | Killed a white ugly thing
 15992 | D:11     | Noticed a death yak
 16000 | D:11     | Killed a death yak
 16000 | D:11     | Noticed a death yak
 16602 | D:12     | Noticed a cyclops
 16743 | D:11     | Found a staircase to the Lair.
 16751 | D:11     | Killed a death yak
 16761 | D:11     | Killed a death yak
 16855 | D:11     | Killed a manticore
 17511 | Orc:1    | Entered Level 1 of the Orcish Mines
 17525 | Orc:1    | Noticed Erolcha
 17532 | Orc:1    | Killed Erolcha
 17584 | Orc:1    | Engulfed by an orc wizard's steam

Illustrated notes

Levels and vault maps discovered:
D:1:      lightli_arrival_quake, layout_basic
D:2:      layout_basic, old_standard_altar, uniq_crazy_yiuf_cottage, uniq_robin,
          uniq_jessica
D:3:      layout_basic, serial_glass, glass_columns_a, glass_columns_a,
          glass_columns_c, glass_columns_a, glass_columns_b, glass_columns_b,
          uniq_terence
D:4:      layout_gridville
D:5:      layout_loops_corners, minmay_temple_entry_ruins, uniq_eustachio
D:6:      layout_loops_cross, chequers_temple_overflow_minitemple,
          enter_ossuary_1, hex_large
D:7:      layout_rooms, dancing_weapons_uskayaw
D:8:      layout_loops_corners, grunt_temple_overflow_opulence,
          okawaru_ov_weapons_minmay, serial_shops, shop,
          gammafunk_ghost_mausoleum
D:9:      layout_long_grid, lemuel_coloured_pillars_altar
D:10:     layout_long_grid
D:11:     layout_loops_ring, dpeg_lair_monsters, orc_0_dummy,
          portal_ice_cave_entry_imps, yredelemnul_altar_generic
D:12:     layout_rooms
Temple:   cyrus_circular_temple
Orc:1:    layout_diamond_mine, enter_bailey_3, uniq_erolcha

Skill      XL: |  1  2  3  4  5  6  7  8  9 10 11 |
---------------+----------------------------------+-----
Spellcasting   | 3 4 5 7 8 9 10 | 10.7
Transmutations | 2 3 |  3.0
Fighting       | 1 2 3 |  3.0
Conjurations   | 1 2 3 4 7 8 |  8.5
Fire Magic     | 1 2 3 |  3.0
Stealth        | 3 4 5 6 |  6.0
Shields        | 1 2 5 |  5.0
Poison Magic   | 4 5 |  5.0
Ice Magic      | 3 5 9 |  9.3
Dodging        | |  2.0

Action                   |  1- 3 |  4- 6 |  7- 9 | 10-12 || total
-------------------------+-------+-------+-------+-------++-------
Melee: Dagger            |    23 |    16 |       |       ||    39
       Constrict         |     4 |    22 |    26 |     9 ||    61
       Tentacles         |     4 |     8 |    16 |     4 ||    32
       Long sword        |       |    24 |       |       ||    24
       Spear             |       |    30 |       |       ||    30
       Falchion          |       |       |   108 |    32 ||   140
       Unarmed           |       |       |       |    27 ||    27
 Cast: Sting             |    35 |    76 |    17 |     3 ||   131
       Mephitic Cloud    |       |     6 |    41 |    45 ||    92
       Ignite Poison     |       |     2 |    50 |    76 ||   128
       Olgreb's Toxic Ra |       |       |    35 |    50 ||    85
       Ice Form          |       |       |       |     8 ||     8
Evoke: Wand              |       |     2 |     8 |    11 ||    21
  Use: Scroll            |     1 |       |    10 |     6 ||    17
       Potion            |       |     1 |       |     2 ||     3
 Stab: Sleeping          |     3 |     5 |     3 |       ||    11
       Confused          |       |     1 |     1 |       ||     2
       Distracted        |       |       |     1 |     1 ||     2
Armor: Skin              |     6 |    11 |     7 |    20 ||    44
Dodge: Dodged            |    21 |    67 |    97 |    44 ||   229
Block: Buckler           |       |       |     9 |    11 ||    20
       Rpst.: Long sword |       |     8 |       |       ||     8
       Falchion          |       |       |    23 |     4 ||    27

Table legend: (Time is in decaauts)
 A = Elapsed time spent in this place.
 B = Non-inter-level travel time spent in this place.
 C = Inter-level travel time spent in this place.
 D = Time resting spent in this place.
 E = Time spent auto-exploring this place.
 F = Levels seen in this place.
 G = Mean time per level.
                   A        B        C        D        E       F      G
               +--------+--------+--------+--------+--------+-----+--------+
         Total |  17644 |  16798 |    846 |   6414 |   7895 |  16 | 1102.8 |
       Dungeon |  15298 |  14462 |    836 |   4787 |   7682 |  12 | 1274.8 |
        Temple |     51 |     42 |      9 |      0 |     42 |   1 |   51.0 |
  Orcish Mines |     74 |     74 |      0 |     19 |      0 |   1 |   74.0 |
       Ossuary |    607 |    607 |      0 |    293 |    171 |   1 |  607.0 |
      Ice Cave |   1611 |   1611 |      0 |   1315 |      0 |   1 | 1611.0 |
               +--------+--------+--------+--------+--------+-----+--------+

Top non-repeatable levels by time:
     D:3: 2272 daAuts
     D:8: 1633 daAuts
   IceCv: 1611 daAuts
     D:2: 1577 daAuts
     D:5: 1539 daAuts
    D:11: 1522 daAuts
     D:9: 1432 daAuts
     D:1: 1167 daAuts
     D:4: 1146 daAuts
     D:7: 1120 daAuts
     D:6: 836 daAuts
    D:10: 662 daAuts
 Ossuary: 607 daAuts
    D:12: 387 daAuts
   Orc:1: 74 daAuts
